 Dungeon Crawl Stone Soup version 0.30.1-4-g462c640d31 (webtiles) character file.

Game seed: 1695125505951530154

146 Wiggles the Chopper (level 5, -8/72 HPs)
             Began as a Minotaur Berserker on Sept 4, 2023.
             Was a Believer of Trog.
             Mangled by a gnoll
             ... wielding a +0 halberd of holy wrath
              (14 damage)
             ... on level 3 of the Dungeon.
             The game lasted 00:04:02 (2191 turns).

Wiggles the Chopper (Minotaur Berserker)            Turns: 2191, Time: 00:04:03

Health: -8/72      AC:  8    Str: 24    XL:     5   Next: 7%
Magic:  4/4        EV: 11    Int:  4    God:    Trog [**....]
Gold:   7          SH:  0    Dex:  9    Spells: 4/4 levels left

rFire   . . .        r - +0 war axe
rCold   . . .        (no shield)
rNeg    . . .        k - +0 ring mail
rPois   .            (helmet restricted)
rElec   .            (no cloak)
rCorr   .            f - +2 pair of gloves
SInv    .            (no boots)
Will    .....        (no amulet) Stlth
                     (no ring)
HPRegen 0.32/turn    (no ring)
MPRegen 0.09/turn

%: no passive effects
@: berserking, lethally poisoned (-8 -> -12), very quick
A: horns 2, retaliatory headbutt
a: Renounce Religion, Berserk, Trog's Hand


You were on level 3 of the Dungeon.
You worshipped Trog.
Trog was pleased with you.
You visited 1 branch of the dungeon, and saw 3 of its levels.

You collected 108 gold pieces.
You spent 101 gold pieces at shops.

Inventory:

Hand Weapons
 r - a +0 war axe (weapon)
Armour
 f - a +2 pair of gloves (worn)
 k - a +0 ring mail (worn)
Scrolls
 a - a scroll of identify {unknown}
 b - a scroll of summoning {unknown}
 c - 3 scrolls of vulnerability {unknown}
 d - a scroll of teleportation {unknown}
 e - a scroll of fog {unknown}
 h - a scroll of enchant armour {unknown}
 j - a scroll of blinking {unknown}
 l - a scroll of fear {unknown}
 n - a scroll of silence {unknown}
Potions
 g - 4 potions of curing {unknown}
 i - 3 potions of attraction {unknown}
 m - 2 potions of heal wounds {unknown}
 o - a potion of mutation {unknown}
 p - a potion of resistance {unknown}
 q - a potion of flight {unknown}


   Skills:
 + Level 5.0 Fighting
 + Level 5.2 Axes
 + Level 3.1 Armour
 + Level 2.8 Dodging


You had 4 spell levels left.
You didn't know any spells.
Your spell library was empty.

Dungeon Overview and Level Annotations

Branches:
Dungeon (3/15)

Altars:
Trog

Shops:
D:3 =*

Annotations:
D:3 1 transporter


Innate Abilities, Weirdness & Mutations

You have a pair of horns on your head.
You reflexively headbutt those who attack you in melee.


Message History

Sheffield53's ghost hits you but does no damage.
The gnoll barely misses you.
The endoplasm hits you but does no damage.
You barely miss sheffield53's ghost.
Your headbutt misses sheffield53's ghost.
You punch sheffield53's ghost.
Sheffield53's ghost is moderately damaged.
You slash the endoplasm!
You kill the endoplasm!
Trog accepts your kill.
You miss the adder.
You feel sick. The adder closely misses you. The gnoll closely misses you.
Sheffield53's ghost casts a spell at you.
The zap hits you but does no damage.
You barely miss sheffield53's ghost.
Your headbutt misses sheffield53's ghost.
Sheffield53's ghost is moderately damaged.
You closely miss the adder.
You feel sick. The adder closely misses you. The gnoll closely misses you.
Sheffield53's ghost hits you. The adder barely misses you.
You closely miss sheffield53's ghost.
Sheffield53's ghost is moderately damaged.
You slash the adder!
You kill the adder!
Trog accepts your kill.
You feel sick.
The gnoll hits you from afar with a +0 halberd of holy wrath!
* * * LOW HITPOINT WARNING * * *
Sheffield53's ghost misses you.
You have reached level 5!
You slash sheffield53's ghost!
Sheffield53's ghost is severely damaged.
You feel sick.
You slash sheffield53's ghost!
You destroy sheffield53's ghost!
Trog accepts your kill.
Trog appreciates your killing of a magic user.
You feel sick.
The gnoll hits you from afar with a +0 halberd of holy wrath!
You die...

.........#......................#
.........#..................#.#.#
........................#.....#.#
............#########............
...........##.......##..#.....#.#
####.......#8.......8#..#...###.#
#.#.##..#........)#..#........
#.#.....#.........#......###.#
#.#.#..©#....@....#©.....###.#
#.#.##..#.........#..####....#
#.#.##..#..g......#..####.#..#
#.#.##..#8.......8#.......#..#
#.#.##..##©......##..#########
####.#.##...#########............
.....#.##...............#########
######.###...................####
.......# ###.#......###.####....#


You could see a gnoll.

Vanquished Creatures
  The ghost of sheffield53 the Magician, an amateur DEAE (D:3)
  An orc priest (D:3)
  5 adders (D:3)
  3 worms (D:3)
  2 dart slugs (D:3)
  4 orcs (D:3)
  3 ball pythons
  5 bats
  9 endoplasms
  A giant cockroach (D:3)
  4 goblins
  3 hobgoblins
  A quokka (D:1)
  3 frilled lizards
  4 kobolds
  5 rats
54 creatures vanquished.

Notes
Turn   | Place    | Note
-------+----------+-------------------------------------------
     0 | D:1      | Wiggles the Minotaur Berserker began the quest for the Orb.
     0 | D:1      | Reached XP level 1. HP: 19/19 MP: 0/0
   270 | D:1      | Reached XP level 2. HP: 27/27 MP: 1/1
   725 | D:2      | Found a faded altar of an unknown god.
   794 | D:2      | Reached XP level 3. HP: 33/33 MP: 2/2
  1136 | D:3      | Reached ** piety under Trog
  1208 | D:3      | Found Veseqot's Assorted Antiques.
  1221 | D:3      | Found Pyddew's Jewellery Shoppe.
  1234 | D:3      | Reached XP level 4. HP: 38/41 MP: 3/3
  1249 | D:3      | Noticed sheffield53's ghost (amateur DEAE)
  1315 | D:3      | Reached skill level 5 in Axes
  1424 | D:3      | Found a transporter.
  1565 | D:3      | Found a transporter.
  1814 | D:3      | Found a bloodstained altar of Trog.
  1892 | D:3      | Bought a war axe for 101 gold pieces
  2185 | D:3      | Reached skill level 5 in Fighting
  2190 | D:3      | Reached XP level 5. HP: 7/48 MP: 4/4
  2191 | D:3      | Killed sheffield53's ghost
  2191 | D:3      | Mangled by a gnoll

Illustrated notes

Levels and vault maps discovered:
D:1:      psy_arrival_spokes, layout_basic, minmay_liquid_box, minivault_11
D:2:      layout_rooms, shapermc_ecumenical_altar_pompeii
D:3:      layout_basic, mainiacjoe_overflow_alcove_4, serial_shops, shop,
          nicolae_shop_crystal, gammafunk_ghost_arena

Skill      XL: |  1  2  3  4 |
---------------+-------------+-----
Fighting       | 4 5 |  5.0
Axes           | 4 5 |  5.2
Armour         | 3 |  3.1
Dodging        | |  2.8

Action                     |  1- 3 |  4- 6 || total
---------------------------+-------+-------++-------
  Melee: Hand axe          |    52 |    33 ||    85
         Headbutt          |     7 |     4 ||    11
         Punch             |     1 |     1 ||     2
         War axe           |       |     7 ||     7
 Invoke: Berserk           |     1 |     1 ||     2
 Armour: Animal skin       |     9 |       ||     9
         Ring mail         |     8 |    17 ||    25
  Dodge: Dodged            |    30 |    28 ||    58
